 Dungeon Crawl Stone Soup version 0.17.0-22-g5edae84 (webtiles) character file.

8984 septik the Thaumaturge (level 11, -1/64 HPs)
             Began as a Gargoyle Earth Elementalist on Nov 12, 2015.
             Was a Priest of Vehumet.
             Slain by a wyvern (12 damage)
             ... on level 9 of the Dungeon on Nov 13, 2015.
             The game lasted 01:23:21 (13305 turns).

septik the Thaumaturge (GrEE)                      Turns: 13305, Time: 01:23:22

Health: -1/64      AC: 16    Str: 12    XL:     11   Next: 39%
Magic:  7/25       EV: 13    Int: 19    God:    Vehumet [***...]
Gold:   541        SH:  0    Dex: 10    Spells: 4 memorised, 19 levels left

rFire  + . .     SeeInvis +     a - +2 flail (venom)
rCold  x . .     Clarity  .     L - +1 leather armour {rN+}
rNeg   + + +     SustAt   .     (no shield)
rPois  ∞         Gourm    .     K - +2 helmet {SInv}
rElec  +         Spirit   .     (no cloak)
rCorr  .         Warding  +     Q - +0 pair of gloves
rMut   .         Stasis   .     (no boots)
MR     .....                    q - amulet of warding
Stlth  ++........               (no ring)
                                I - ring of fire

@: not resistant to hostile enchantments, unstealthy
A: negative energy resistance 1, electricity resistance, unbreathing,
petrification resistance, rot immunity, AC +7
a: Renounce Religion


You were on level 9 of the Dungeon.
You worshipped Vehumet.
Vehumet was most pleased with you.
You were near starving.

You visited 2 branches of the dungeon, and saw 11 of its levels.
You also visited: Sewer.

You collected 541 gold pieces.

Inventory:

Hand Weapons
 a - a +2 flail of venom (weapon)
 t - a +2 short sword of venom
 w - a +0 blowgun
 R - a +2 whip of freezing
 W - a +3 flail
Missiles
 b - 136 stones (quivered)
 v - 53 poisoned needles
Armour
 e - a +0 robe
 x - a +0 chain mail of cold resistance
 G - a +2 chain mail of cold resistance
 K - a +2 helmet of see invisible (worn)
 L - a +1 leather armour of positive energy (worn)
 Q - a +0 pair of gloves (worn)
Jewellery
 q - an amulet of warding (around neck)
 I - a ring of fire (left hand)
 V - an uncursed ring of teleportation
Wands
 T - a wand of magic darts (22)
Scrolls
 h - 2 scrolls of enchant armour {unknown}
 j - 7 scrolls of teleportation
 k - 4 scrolls of remove curse
 l - 5 scrolls of identify {unknown}
 o - 2 scrolls of recharging {unknown}
 p - a scroll of immolation {unknown}
 s - 5 scrolls of enchant weapon {unknown}
 y - 2 scrolls of noise {unknown}
 A - 2 scrolls of blinking {unknown}
 B - a scroll of magic mapping {unknown}
 E - 2 scrolls of amnesia {unknown}
 S - 2 scrolls of vulnerability {unknown}
 U - a scroll of fog {unknown}
Potions
 g - 5 potions of curing
 i - 2 potions of lignification {unknown}
 m - 6 potions of flight
 n - 3 potions of heal wounds {unknown}
 r - 3 potions of agility {unknown}
 z - 2 potions of might
 D - 3 potions of poison {unknown}
 F - a potion of cure mutation {unknown}
 H - 3 potions of berserk rage {unknown}
 J - a potion of degeneration {unknown}
 P - a potion of invisibility {unknown}
 X - a potion of mutation {unknown}
Books
 c - a book of Geomancy

   Spells                             Type                      Level
   a - Sandblast                      Earth                        1
   b - Stoneskin                      Transmutation/Earth          2
   c - Passwall                       Transmutation/Earth          3
   d - Stone Arrow                    Conjuration/Earth            3
   e - Petrify                        Transmutation/Earth          4
   f - Lee's Rapid Deconstruction     Earth                        5
Miscellaneous
 u - a plain deck of summoning
Comestibles
 d - 4 bread rations
 f - 2 meat rations
 C - 3 chunks of flesh
 M - 2 slices of pizza
 N - 2 beef jerkies
 O - 24 fruits


   Skills:
 + Level 6.1 Fighting
 + Level 5.9 Maces & Flails
 - Level 6.4 Armour
 + Level 5.3 Dodging
 - Level 2.1 Stealth
 * Level 10.0 Spellcasting
 - Level 3.7 Conjurations
 - Level 0.7 Transmutations
 - Level 6.6 Earth Magic
 + Level 3.2 Evocations


You had 19 spell levels left.
You knew the following spells:

 Your Spells              Type           Power        Failure   Level  Hunger
a - Sandblast             Erth           ####..       1%          1    None
b - Stoneskin             Trmt/Erth      ###.....     3%          2    None
c - Stone Arrow           Conj/Erth      ####..       1%          3    None
d - Lee's Rapid Deconstr  Erth           ####......   4%          5    #####..


Dungeon Overview and Level Annotations

Branches:
Dungeon (10/15)            Temple (1/1) D:4            Lair (0/8) D:10
    Orc: D:9-12

Altars:
Ashenzari
Cheibriados
Dithmenos
Elyvilon
Fedhas
Gozag
Kikubaaqudgha
Makhleb
Nemelex Xobeh
Okawaru
Qazlal
Ru
Sif Muna
Trog
Vehumet
Xom
Yredelemnul
Zin
The Shining One

Shops:
D:7 [

Annotations:
D:10 Gastronok


Innate Abilities, Weirdness & Mutations

You are resistant to torment.
Your stone body is resilient (AC +7).
You are immune to poison.
You resist negative energy.
You are resistant to electric shocks.
You can survive without breathing.
You are immune to petrification.
You are immune to rotting.


Message History

The wyvern bites you but does no damage.
The orc warrior hits you from afar with a glaive.
* * * LOW HITPOINT WARNING * * *
The wyvern bites you but does no damage.
You climb upwards.
A giant frog comes into view.
There is a stone staircase leading down here.
Drink which item? (? for menu, Esc to quit)
You feel better.
The wyvern bites you but does no damage.
Casting: Stone Arrow
Confirm with . or Enter, or press ? or * to list all spells.
Aiming: Stone Arrow
Press: ? - help, Shift-Dir - straight line, f - wyvern
Aim: a wyvern The stone arrow hits the wyvern.
The wyvern is heavily wounded.
The giant frog gives a loud, deep croak!
The wyvern bites you!
You die...

####################
#.).................
####'#################. #.......#
#. ###### #.......# #.
##....#####......l# ###########.
.'....').['.....@.# #...........
##...)#####[......####.##########
#....# #.....<........# #....
#....# #..F'#'#####.#.# #.#.#
#....# #...'..# #.#.# #.#..
##....# #...#### #.#.####.#..
.#....# #...# #.#.))......
.#....# #...# #.########.#
.###### #...# #...........


You could see a wyvern and a giant frog.

Vanquished Creatures
  Pikel (D:6)
  The ghost of Rayvis the Covert, a novice FeEn of Dithmenos (D:8)
  Grinder (D:3)
  A trapdoor spider zombie (D:10)
  A two-headed ogre (D:9)
  A wyvern (D:8)
  A deep elf mage (D:9)
  A wraith (D:8)
  8 yaks
  A hungry ghost (D:9)
  2 hippogriffs
  Edmund (D:4)
  A slave (D:7)
  2 sky beasts
  A water moccasin (D:9)
  3 ogres
  2 necrophages
  4 ice beasts
  5 phantoms
  2 big kobolds
  An orc warrior (D:10)
  4 centaurs
  Blork the orc (D:6)
  5 giant frogs
  4 scorpions
  A troll zombie (D:8)
  7 jellies
  4 wights
  10 killer bees
  2 electric eels (D:9)
  A centaur zombie (D:9)
  7 crimson imps
  3 human zombies (D:8)
  5 hounds
  6 orc priests
  A giant frog skeleton (D:9)
  A human skeleton (D:8)
  A siren (Sewer)
  10 orc wizards
  9 worker ants
  2 iguanas
  A merfolk avatar (Sewer)
  2 hound zombies (D:9)
  2 hound skeletons (D:9)
  2 mummies (D:8)
  Robin (D:4)
  4 gnolls (D:9)
  A river rat (Sewer)
  15 adders
  A shadow imp (D:7)
  2 oozes
  2 adder skeletons
  4 worms
  8 giant geckos
  51 orcs
  7 ball pythons
  9 bats
  11 giant cockroaches
  17 goblins
  15 hobgoblins
  10 jackals
  8 quokkas
  A giant cockroach zombie (D:5)
  15 giant newts
  A jackal skeleton (D:4)
  20 kobolds
  An orc zombie (D:8)
  A quokka skeleton (D:5)
  30 rats
367 creatures vanquished.

Vanquished Creatures (others)
  A worker ant zombie (D:6)
  A rat (D:3)
2 creatures vanquished.

Grand Total: 369 creatures vanquished

Notes
Turn   | Place    | Note
--------------------------------------------------------------
     0 | D:1      | septik the Gargoyle Earth Elementalist began the quest for the Orb.
     0 | D:1      | Reached XP level 1. HP: 10/10 MP: 3/3
   196 | D:1      | Reached skill level 4 in Earth Magic
   196 | D:1      | Reached XP level 2. HP: 15/15 MP: 1/5
   446 | D:1      | Reached XP level 3. HP: 6/19 MP: 2/6
   821 | D:1      | Learned a level 2 spell: Stoneskin
  1469 | D:2      | Reached XP level 4. HP: 22/24 MP: 1/8
  1868 | D:2      | Learned a level 3 spell: Stone Arrow
  2291 | D:3      | Noticed Grinder
  2300 | D:3      | Killed Grinder
  2300 | D:3      | Reached skill level 5 in Earth Magic
  2300 | D:3      | Reached XP level 5. HP: 22/28 MP: 4/11
  2300 | D:3      | Reached XP level 6. HP: 25/32 MP: 4/12
  2620 | D:3      | Found a glowing drain.
  2626 | Sewer    | Entered a sewer
  3153 | Sewer    | Noticed a drowned soul
  3153 | Sewer    | Noticed a drowned soul
  3154 | Sewer    | Noticed a drowned soul
  3154 | Sewer    | Noticed a drowned soul
  3156 | Sewer    | Noticed a drowned soul
  3158 | Sewer    | Noticed a drowned soul
  3161 | Sewer    | Noticed a drowned soul
  3163 | Sewer    | Noticed a drowned soul
  3432 | D:3      | Reached skill level 5 in Spellcasting
  3432 | D:3      | Reached XP level 7. HP: 36/36 MP: 12/14
  3439 | D:3      | Learned a level 5 spell: Lee's Rapid Deconstruction
  3458 | D:3      | Found a white marble altar of Elyvilon.
  3827 | D:3      | Reached skill level 6 in Earth Magic
  3884 | D:3      | Found a shimmering altar of Xom.
  4528 | D:4      | Noticed Robin
  4562 | D:4      | Killed Robin
  4760 | D:4      | Found a staircase to the Ecumenical Temple.
  4813 | Temple   | Entered the Ecumenical Temple
  5225 | D:5      | Entered Level 5 of the Dungeon
  5246 | D:5      | Reached XP level 8. HP: 29/42 MP: 2/17
  5505 | D:5      | Reached skill level 1 in Maces & Flails
  5534 | D:5      | Reached skill level 1 in Fighting
  5599 | D:5      | Reached skill level 1 in Armour
  5974 | D:5      | Found a shimmering altar of Xom.
  5977 | D:5      | Noticed Edmund
  6176 | D:4      | Killed Edmund
  6382 | D:5      | Found a shadowy altar of Dithmenos.
  6633 | D:6      | Found a snail-covered altar of Cheibriados.
  6645 | D:6      | Reached skill level 7 in Spellcasting
  6645 | D:6      | Reached XP level 9. HP: 19/49 MP: 10/19
  6759 | D:6      | Noticed Pikel
  6827 | D:7      | Found a sparkling altar of Nemelex Xobeh.
  7033 | D:7      | Found Gebuh's Armour Emporium.
  8066 | D:6      | Reached skill level 8 in Spellcasting
  8090 | D:6      | Noticed Blork the orc
  8096 | D:6      | Killed Blork the orc
  8198 | D:6      | Killed Pikel
  8244 | D:6      | Reached XP level 10. HP: 56/56 MP: 17/22
  8528 | D:6      | Found a burning altar of Makhleb.
  8528 | D:6      | Found a sacrificial altar of Ru.
  8528 | D:6      | Found a deep blue altar of Sif Muna.
  8531 | D:6      | Found a radiant altar of Vehumet.
  8532 | D:6      | Found a stormy altar of Qazlal.
  8533 | D:6      | Found an ancient bone altar of Kikubaaqudgha.
  8544 | D:6      | Became a worshipper of Vehumet
  8621 | D:8      | Noticed Rayvis's ghost (novice FeEn)
  8815 | D:8      | Reached skill level 5 in Armour
  9342 | D:8      | Reached * piety under Vehumet
  9342 | D:8      | Offered knowledge of Sting by Vehumet.
  9438 | D:8      | Killed Rayvis's ghost
  9438 | D:8      | Reached skill level 1 in Evocations
  9615 | D:8      | Found a glowing silver altar of Zin.
  9615 | D:8      | Found a shimmering altar of Xom.
  9616 | D:8      | Noticed an angel
  9702 | D:8      | Reached skill level 9 in Spellcasting
  9992 | D:8      | Found a basalt altar of Yredelemnul.
 10023 | D:8      | Reached skill level 5 in Fighting
 10480 | D:9      | Reached skill level 5 in Maces & Flails
 10500 | D:8      | Reached ** piety under Vehumet
 10500 | D:8      | Offered knowledge of Magic Dart by Vehumet.
 11396 | D:9      | Reached XP level 11. HP: 59/64 MP: 12/24
 11718 | D:9      | Offered knowledge of Throw Frost by Vehumet.
 11912 | D:9      | Reached skill level 5 in Dodging
 12292 | D:10     | Entered Level 10 of the Dungeon
 12360 | D:10     | Found a staircase to the Lair.
 12453 | D:10     | Noticed Gastronok
 12750 | D:10     | Reached *** piety under Vehumet
 12972 | D:9      | Reached skill level 10 in Spellcasting
 13305 | D:9      | Slain by a wyvern

Action                   |  1- 3 |  4- 6 |  7- 9 | 10-12 || total
-------------------------+-------+-------+-------+-------++-------
Melee: Club              |    62 |   115 |    86 |       ||   263
       Flail             |       |       |    98 |   407 ||   505
       Whip              |       |       |       |    30 ||    30
 Cast: Sandblast         |    71 |   112 |   249 |    64 ||   496
       Stoneskin         |       |       |     8 |       ||     8
       Lee's Rapid Decon |       |       |     6 |    20 ||    26
       Stone Arrow       |       |       |    22 |    91 ||   113
  Use: Scroll            |       |       |       |     1 ||     1
       Potion            |       |       |       |     1 ||     1
 Stab: Sleeping          |       |     1 |       |     1 ||     2
  Eat: Chunk             |     2 |     7 |    18 |    18 ||    45
       Fruit             |       |       |       |     2 ||     2
